 Dungeon Crawl Stone Soup version 0.21.1-1-g345015f (webtiles) character file.

172 jerryfan the Purveyor of Pain (level 5, -1/35 HPs)
             Began as a Vampire Necromancer on Apr 23, 2018.
             Was an Initiate of Kikubaaqudgha.
             Slain by a worker ant (7 damage)
             ... on level 4 of the Dungeon on Apr 24, 2018.
             The game lasted 00:22:28 (3121 turns).

jerryfan the Purveyor of Pain (Vampire Necromancer) Turns: 3121, Time: 00:22:29

Health: -1/35      AC:  3    Str:  7    XL:     5   Next: 27%
Magic:  1/10       EV: 13    Int: 18    God:    Kikubaaqudgha [......]
Gold:   66         SH:  0    Dex: 15    Spells: 2/11 levels left

rFire    . . .     SeeInvis +   (no weapon)
rCold    . . .     Gourm    .   (no shield)
rNeg     + . .     Faith    .   a - +0 robe
rPois    .         Spirit   .   (no helmet)
rElec    .         Reflect  .   (no cloak)
rCorr    .         Harm     .   f - +0 pair of gloves
MR       .....                  (no boots)
Stlth    ++++......             (no amulet)
HPRegen  0.11/turn              d - ring of stealth
MPRegen  0.12/turn              (no ring)

@: no status effects
A: fangs 3, see invisible, unbreathing
a: Bat Form, Renounce Religion


You were on level 4 of the Dungeon.
You worshipped Kikubaaqudgha.
Kikubaaqudgha was noncommittal.
You were not thirsty.

You visited 1 branch of the dungeon, and saw 4 of its levels.

You collected 66 gold pieces.

Inventory:

Hand Weapons
 m - a +0 dagger
 n - a +1 trident of freezing
Armour
 a - a +0 robe (worn)
 f - a +0 pair of gloves (worn)
Jewellery
 d - a ring of stealth (left hand)
Scrolls
 g - 3 scrolls of identify
 h - a scroll of remove curse
 k - a scroll of fear
 l - a scroll of magic mapping {unknown}
 p - a scroll of random uselessness {unknown}
Potions
 c - 10 potions of blood
 e - a potion of flight
 i - a potion of magic {unknown}
 j - a potion of heal wounds {unknown}
 o - a potion of haste {unknown}
Books
 b - a book of Necromancy

   Spells                             Type                      Level
   a - Pain                           Necromancy                   1
   b - Animate Skeleton               Necromancy                   1
   c - Vampiric Draining              Necromancy                   3
   d - Regeneration                   Charms/Necromancy            3
   e - Animate Dead                   Necromancy                   4
   f - Borgnjor's Vile Clutch         Necromancy/Earth             5


   Skills:
 + Level 2.4 Dodging
 * Level 4.3 Stealth
 + Level 0.2 Unarmed Combat
 + Level 3.5 Spellcasting
 + Level 5.7 Necromancy


You had 2 spell levels left.
You knew the following spells:

 Your Spells              Type           Power        Failure   Level  Hunger
a - Pain                  Necr           ###.         1%          1    None
b - Animate Dead          Necr           N/A          14%         4    ####...
c - Vampiric Draining     Necr           ###.......   4%          3    ###....
d - Animate Skeleton      Necr           N/A          1%          1    None


Dungeon Overview and Level Annotations

Branches:
Dungeon (4/15)
 Temple: D:4-7

Altars:
Ashenzari
Gozag
Kikubaaqudgha


Innate Abilities, Weirdness & Mutations

You have razor-sharp teeth.
You have supernaturally acute eyesight. (SInv)
You can survive without breathing.


Message History

You don't know that spell.
Unknown command.
The helpless worker ant fails to defend itself.
You hit the worker ant but do no damage.
The worker ant bites you.
* * * LOW HITPOINT WARNING * * *
Casting: Animate Dead
Confirm with . or Enter, or press ? or * to list all spells.
Aiming: Pain
Press: ? - help, Shift-Dir - straight line, f - worker ant
Aim: a worker ant (chance to defeat MR: 88%)
The worker ant writhes in agony!
The worker ant closely misses you.
Casting: Pain
Confirm with . or Enter, or press ? or * to list all spells.
Aiming: Pain
Press: ? - help, Shift-Dir - straight line, f/p - worker ant
Aim: a worker ant (heavily wounded, chance to defeat MR: 88%)
The worker ant barely resists.
The worker ant bites you!
You die...
Kikubaaqudgha rasps: "You have failed me!
Welcome... oblivion!"

###
#@#
#a#
#.#
#.#
..#
###


You could see a worker ant.

Vanquished Creatures
  A worker ant (D:2)
  A hound skeleton (D:2)
  3 adders
  An ooze (D:2)
  3 worms (D:2)
  2 dart slugs (D:3)
  7 leopard geckos
  12 orcs
  6 giant cockroaches
  4 goblins
  4 hobgoblins
  2 jackals (D:1)
  A quokka (D:3)
  2 ball pythons
  10 bats
  2 frilled lizards
  8 kobolds
  5 rats
74 creatures vanquished.

Notes
Turn   | Place    | Note
-------+----------+-------------------------------------------
     0 | D:1      | jerryfan the Vampire Necromancer began the quest for the Orb.
     0 | D:1      | Reached XP level 1. HP: 13/13 MP: 3/3
   184 | D:1      | Reached XP level 2. HP: 13/19 MP: 3/5
   603 | D:1      | Reached skill level 5 in Necromancy
  1156 | D:2      | Reached XP level 3. HP: 16/24 MP: 0/6
  1696 | D:2      | Reached XP level 4. HP: 19/30 MP: 3/8
  1964 | D:2      | You fall through a shaft!
  2143 | D:3      | Learned a level 4 spell: Animate Dead
  2281 | D:3      | Learned a level 3 spell: Vampiric Draining
  2345 | D:3      | Found an opulent altar of Gozag.
  2348 | D:3      | Found a shattered altar of Ashenzari.
  2351 | D:3      | Found an ancient bone altar of Kikubaaqudgha.
  2369 | D:3      | Became a worshipper of Kikubaaqudgha
  2448 | D:3      | Learned a level 1 spell: Animate Skeleton
  2831 | D:3      | Reached XP level 5. HP: 32/35 MP: 5/10
  3121 | D:4      | Slain by a worker ant

Skill      XL: |  1  2  3  4 |
---------------+-------------+-----
Necromancy     | 5 |  5.7
Spellcasting   | 3 |  3.5
Stealth        | 4 |  4.3
Dodging        | |  2.4
Unarmed Combat | |  0.2

Action                   |  1- 3 |  4- 6 || total
-------------------------+-------+-------++-------
Melee: Unarmed           |    17 |    10 ||    27
       Bite              |     3 |     1 ||     4
 Cast: Pain              |    81 |    88 ||   169
       Animate Dead      |       |     3 ||     3
       Animate Skeleton  |       |     1 ||     1
  Use: Potion            |     4 |     7 ||    11
       Scroll            |       |     5 ||     5
 Stab: Sleeping          |       |     1 ||     1
Armor: Robe              |    12 |    27 ||    39
Dodge: Dodged            |    35 |    92 ||   127
